ITL
PORTLAND PRIVATEERS @ WABA DUCKS
04/28/2026
 
TOP OF THE 1ST
Portland Privateers batting - Pitching for Waba Ducks : LHP Francisco Flores
Pitching: LHP Francisco Flores
Batting: RHB Luis Pineda 0-0: Ball
1-0: Ground out 4-3 (Groundball, 4)
Batting: LHB Dillon Beck 0-0: Swinging Strike
0-1: Ball
1-1: Foul Ball, location: 2F
1-2: Strikes out swinging
Batting: RHB Juan Sánchez 0-0: Ball
1-0: Called Strike
1-1: Called Strike
1-2: Strikes out looking
Top of the 1st over - 0 run(s), 0 hit(s), 0 error(s), 0 left on base; Portland 0 - Waba 0
BOTTOM OF THE 1ST
Waba Ducks batting - Pitching for Portland Privateers : LHP Pedro Santana
Pitching: LHP Pedro Santana
Batting: RHB Ángelo García 0-0: SINGLE (Groundball, 34D)
Batting: LHB Joaquín González 0-0: Called Strike
0-1: Ball
1-1: Ball
2-1: Foul Ball, location: 2F
2-2: Ball
3-2: Foul Ball, location: 2F
3-2: Strikes out swinging
Batting: RHB Chris Osborn 0-0: Ball
1-0: Called Strike
1-1: Foul Ball, location: 2F
1-2: Strikes out swinging
Batting: LHB Terry White 0-0: Called Strike
0-1: Called Strike
0-2: Ball
1-2: Fly out, F7 (Flyball, 7D)
Bottom of the 1st over - 0 run(s), 1 hit(s), 0 error(s), 1 left on base; Portland 0 - Waba 0
TOP OF THE 2ND
Portland Privateers batting - Pitching for Waba Ducks : LHP Francisco Flores
Batting: LHB Yasuhiko Onodera 0-0: Foul Ball, location: 2F
0-1: Ball
1-1: Ball
2-1: Fly out, F8 (Flyball, 8RXD)
Batting: LHB Miguel Castillo 0-0: Called Strike
0-1: Ball
1-1: Foul Ball, location: 2F
1-2: SINGLE (Groundball, 4MD)
Batting: LHB Juan Acotia 0-0: Ball
1-0: Fly out, F5 (Popup, 56S)
Batting: LHB Pedro Padilla 0-0: Ball
1-0: Fly out, F6 (Popup, 6D)
Top of the 2nd over - 0 run(s), 1 hit(s), 0 error(s), 1 left on base; Portland 0 - Waba 0
BOTTOM OF THE 2ND
Waba Ducks batting - Pitching for Portland Privateers : LHP Pedro Santana
Batting: RHB Luis González 0-0: Foul Ball, location: 2F
0-1: Ball
1-1: Ball
2-1: Foul Ball, location: 2F
2-2: Strikes out looking
Batting: LHB Javier Orozco 0-0: Ground out 4-3 (Groundball, 34)
Batting: SHB Cisco Álvarez 0-0: Called Strike
0-1: Foul Ball, location: 2F
0-2: Ball
1-2: Ball
2-2: Ball
3-2: Strikes out swinging
Bottom of the 2nd over - 0 run(s), 0 hit(s), 0 error(s), 0 left on base; Portland 0 - Waba 0
TOP OF THE 3RD
Portland Privateers batting - Pitching for Waba Ducks : LHP Francisco Flores
Batting: RHB Jorge Cora 0-0: Foul Ball, location: 2F
0-1: Ball
1-1: Called Strike
1-2: Fly out, F7 (Flyball, 7LD)
Batting: RHB Luther Stoffels 0-0: Called Strike
0-1: Foul Ball, location: 2F
0-2: Ball
1-2: Strikes out swinging
Batting: RHB Luis Pineda 0-0: Ball
1-0: Swinging Strike
1-1: Swinging Strike
1-2: Strikes out looking
Top of the 3rd over - 0 run(s), 0 hit(s), 0 error(s), 0 left on base; Portland 0 - Waba 0
BOTTOM OF THE 3RD
Waba Ducks batting - Pitching for Portland Privateers : LHP Pedro Santana
Batting: RHB Ramón Torres 0-0: Called Strike
0-1: Fly out, F7 (Flyball, 7D)
Batting: RHB António Valdéz 0-0: Swinging Strike
0-1: Ball
1-1: Ball
2-1: Called Strike
2-2: Ball
3-2: Base on Balls
Batting: RHB Ángelo García 0-0: Called Strike
0-1: Ball
António Valdéz is caught stealing 2nd base
1-1: Foul Ball, location: 2F
1-2: Ball
2-2: Ball
3-2: Foul Ball, location: 2F
3-2: Fly out, F8 (Flyball, 8RXD)
Bottom of the 3rd over - 0 run(s), 0 hit(s), 0 error(s), 0 left on base; Portland 0 - Waba 0
TOP OF THE 4TH
Portland Privateers batting - Pitching for Waba Ducks : LHP Francisco Flores
Batting: LHB Dillon Beck 0-0: Swinging Strike
0-1: Swinging Strike
0-2: Ball
1-2: Fly out, F7 (Flyball, 7LM)
Batting: RHB Juan Sánchez 0-0: Called Strike
0-1: Called Strike
0-2: Ground out 6-3 (Groundball, 6M)
Batting: LHB Yasuhiko Onodera 0-0: Called Strike
0-1: Ball
1-1: Ball
2-1: SINGLE (Groundball, 34D) (infield hit)
Batting: LHB Miguel Castillo 0-0: Ball
1-0: Foul Ball, location: 2F
1-1: Called Strike
1-2: Ball
2-2: Strikes out swinging
Top of the 4th over - 0 run(s), 1 hit(s), 0 error(s), 1 left on base; Portland 0 - Waba 0
BOTTOM OF THE 4TH
Waba Ducks batting - Pitching for Portland Privateers : LHP Pedro Santana
Batting: LHB Joaquín González 0-0: Ground out U3 (Groundball, 3)
Batting: RHB Chris Osborn 0-0: Ball
1-0: Ball
2-0: Ball
3-0: Called Strike
3-1: Called Strike
3-2: Base on Balls
Batting: LHB Terry White 0-0: Swinging Strike
0-1: Ball
Chris Osborn steals 2nd base
1-1: Swinging Strike
1-2: Ball
2-2: Strikes out looking
Batting: RHB Luis González 0-0: Called Strike
0-1: Ball
1-1: Swinging Strike
1-2: Foul Ball, location: 2F
1-2: Ball
2-2: Ground out 6-3 (Groundball, 6)
Bottom of the 4th over - 0 run(s), 0 hit(s), 0 error(s), 1 left on base; Portland 0 - Waba 0
TOP OF THE 5TH
Portland Privateers batting - Pitching for Waba Ducks : LHP Francisco Flores
Batting: LHB Juan Acotia 0-0: SINGLE (Line Drive, 8RS)
Batting: LHB Pedro Padilla 0-0: Foul Ball, location: 2F
0-1: Ball
1-1: Ground out 3-1 (Groundball, 34S)
Juan Acotia to second
Batting: RHB Jorge Cora 0-0: Foul Ball, location: 2F
0-1: Called Strike
0-2: Foul Ball, location: 2F
0-2: Strikes out swinging
Batting: RHB Luther Stoffels 0-0: Called Strike
0-1: Fly out, F7 (Flyball, 78XD)
Top of the 5th over - 0 run(s), 1 hit(s), 0 error(s), 1 left on base; Portland 0 - Waba 0
BOTTOM OF THE 5TH
Waba Ducks batting - Pitching for Portland Privateers : LHP Pedro Santana
Batting: LHB Javier Orozco 0-0: Called Strike
0-1: Swinging Strike
0-2: Foul Ball, location: 2F
0-2: Strikes out swinging
Batting: SHB Cisco Álvarez 0-0: Ground out 4-3 (Groundball, 4S)
Batting: RHB Ramón Torres 0-0: Ball
1-0: Called Strike
1-1: Ball
2-1: Ground out 4-3 (Groundball, 4)
Bottom of the 5th over - 0 run(s), 0 hit(s), 0 error(s), 0 left on base; Portland 0 - Waba 0
TOP OF THE 6TH
Portland Privateers batting - Pitching for Waba Ducks : LHP Francisco Flores
Batting: RHB Luis Pineda 0-0: Called Strike
0-1: Called Strike
0-2: Strikes out swinging
Batting: LHB Dillon Beck 0-0: Ball
1-0: Called Strike
1-1: Swinging Strike
1-2: Strikes out swinging
Batting: RHB Juan Sánchez 0-0: Swinging Strike
0-1: Called Strike
0-2: Ball
1-2: Ball
2-2: Strikes out swinging
Top of the 6th over - 0 run(s), 0 hit(s), 0 error(s), 0 left on base; Portland 0 - Waba 0
BOTTOM OF THE 6TH
Waba Ducks batting - Pitching for Portland Privateers : LHP Pedro Santana
Batting: RHB António Valdéz 0-0: Ball
1-0: Called Strike
1-1: Swinging Strike
1-2: Strikes out looking
Batting: RHB Ángelo García 0-0: Called Strike
0-1: Ground out 4-3 (Groundball, 4)
Batting: LHB Joaquín González 0-0: Called Strike
0-1: Fly out, F8 (Popup, 8LS)
Bottom of the 6th over - 0 run(s), 0 hit(s), 0 error(s), 0 left on base; Portland 0 - Waba 0
TOP OF THE 7TH
Portland Privateers batting - Pitching for Waba Ducks : LHP Francisco Flores
Batting: LHB Yasuhiko Onodera 0-0: Called Strike
0-1: Foul Ball, location: 2F
0-2: Ball
1-2: Ball
2-2: SINGLE (Groundball, 34D)
Pinch Hitting: RHB Júlio Vélez 0-0: Ball
1-0: Ball
2-0: Ball
3-0: Called Strike
3-1: Foul Ball, location: 2F
3-2: Strikes out swinging
Pinch Hitting: LHB Manny Domínguez 0-0: Foul Ball, location: 2F
0-1: Grounds into double play, 4-6-3 (Groundball, 4)
Top of the 7th over - 0 run(s), 1 hit(s), 0 error(s), 0 left on base; Portland 0 - Waba 0
BOTTOM OF THE 7TH
Waba Ducks batting - Pitching for Portland Privateers : LHP Pedro Santana
Now at 3B: Júlio Vélez
Now in LF: Manny Domínguez
Batting: RHB Chris Osborn 0-0: Fly out, F9 (Flyball, 89D)
Batting: LHB Terry White 0-0: Ball
1-0: Ball
2-0: Ball
3-0: Base on Balls
Pitching: RHP Mario Ramos
Batting: RHB Luis González Pickoff Throw to First - Error! E1
Terry White to second
0-0: Called Strike
0-1: Called Strike
0-2: Ball
1-2: Foul Ball, location: 2F
1-2: Ball
2-2: Strikes out swinging
Batting: LHB Javier Orozco 0-0: Ball
1-0: Swinging Strike
1-1: SINGLE (Groundball, 34D)
Terry White to third
Runner from 3rd tries for Home, SAFE, no throw or cutoff
Pinch Hitting: RHB Don Keating 0-0: Ball
1-0: Foul Ball, location: 2F
1-1: Called Strike
1-2: Strikes out swinging
Bottom of the 7th over - 1 run(s), 1 hit(s), 1 error(s), 1 left on base; Portland 0 - Waba 1
TOP OF THE 8TH
Portland Privateers batting - Pitching for Waba Ducks : LHP Francisco Flores
Now at 2B: Rob Scott
Batting: LHB Pedro Padilla 0-0: Swinging Strike
0-1: Ball
1-1: Foul Ball, location: 2F
1-2: Ball
2-2: Strikes out looking
Batting: RHB Jorge Cora 0-0: Ball
1-0: Called Strike
1-1: Called Strike
1-2: Ground out 1-3 (Groundball, 13)
Batting: RHB Luther Stoffels 0-0: Foul Ball, location: 2F
0-1: Foul Ball, location: 2F
0-2: Strikes out swinging
Top of the 8th over - 0 run(s), 0 hit(s), 0 error(s), 0 left on base; Portland 0 - Waba 1
BOTTOM OF THE 8TH
Waba Ducks batting - Pitching for Portland Privateers : RHP Mario Ramos
Batting: RHB Ramón Torres 0-0: Called Strike
0-1: Ball
1-1: Ball
2-1: SOLO HOME RUN (Flyball, 78XD), Distance : 370 ft
Batting: RHB António Valdéz 0-0: Ball
1-0: Ball
2-0: Ball
3-0: Called Strike
3-1: Base on Balls
Batting: RHB Ángelo García 0-0: Sac Bunt - play at first, batter OUT! 1-4
António Valdéz to second
Batting: LHB Joaquín González 0-0: Ball
1-0: Swinging Strike
1-1: SINGLE (Groundball, 56D) (infield hit)
António Valdéz to third
Batting: RHB Chris Osborn 0-0: Ball
1-0: SINGLE (Line Drive, 34D)
António Valdéz scores
Joaquín González to second
Runner from 2nd tries for 3rd, SAFE, throw made to third
Batting: LHB Terry White 0-0: Called Strike
0-1: Ball
1-1: Foul Ball, location: 2F
1-2: Strikes out swinging
Batting: RHB Luis González 0-0: Ball
1-0: Fly out, F5 (Popup, 5SF)
Bottom of the 8th over - 2 run(s), 3 hit(s), 0 error(s), 2 left on base; Portland 0 - Waba 3
TOP OF THE 9TH
Portland Privateers batting - Pitching for Waba Ducks : LHP Francisco Flores
Pitching: RHP José Rivera
Batting: RHB Luis Pineda 0-0: Called Strike
0-1: Foul Ball, location: 2F
0-2: Foul Ball, location: 2F
0-2: Ball
1-2: Ball
2-2: Ball
3-2: Ground out 4-3 (Groundball, 4M)
Batting: LHB Dillon Beck 0-0: SINGLE (Groundball, 56)
Batting: RHB Juan Sánchez 0-0: Ball
1-0: Called Strike
1-1: Ball
2-1: Ball
3-1: Base on Balls
Dillon Beck to second
Batting: LHB Yasuhiko Onodera 0-0: Ball
1-0: Called Strike
1-1: Fly out, F8 (Flyball, 8RD)
Runner from 2nd tags up, SAFE at 3rd, no throw
Batting: RHB Júlio Vélez 0-0: Called Strike
0-1: Ball
1-1: Swinging Strike
1-2: Ball
2-2: Foul Ball, location: 2F
2-2: Strikes out swinging
Top of the 9th over - 0 run(s), 1 hit(s), 0 error(s), 2 left on base; Portland 0 - Waba 3
Monday, December 5th, 2016 - OOTP Baseball 17.12 Build 75